 Dungeon Crawl Stone Soup version 0.13-a0-2417-g818e1a6 (webtiles) character file.

5392 M4edhros the Covert (level 10, -7/60 HPs)
             Began as an Octopode Artificer on July 16, 2013.
             Was a Priest of Okawaru.
             Mangled by an ice beast (11 damage)
             ... on Level 9 of the Dungeon.
             The game lasted 00:30:53 (11796 turns).

M4edhros the Covert (Octopode Artificer)           Turns: 11796, Time: 00:30:55

HP  -7/60        AC  1     Str 11      XL: 10   Next: 51%
MP  18/20        EV 22     Int 17      God: Okawaru [***...]
Gold 479         SH 20     Dex 23      Spells:  1 memorised, 17 levels left

Res.Fire  : . . .   See Invis. : .   E - +0 dwarf short sword
Res.Cold  : . . .   Warding    : .   D - +0 orc shield
Life Prot.: . . .   Conserve   : .   (helmet restricted)
Res.Poison: .       Res.Corr.  : .   F - cursed amulet of faith
Res.Elec. : .       Clarity    : .   O - +5 ring of dexterity
Sust.Abil.: . .     Spirit.Shd : .   (no ring)
Res.Mut.  : .       Stasis     : .   (no ring)
Res.Rott. : .       Flight     : .   (no ring)
Saprovore : . . .                    (no ring)
                                     (no ring)
                                     (no ring)
                                     (no ring)

@: agile, heroism, somewhat resistant to hostile enchantments, incredibly
stealthy
A: almost no armour, amphibious, 8 rings, constrict 8, camouflage 1,
regeneration 1, AC +1
a: Heroism, Renounce Religion


You were on level 9 of the Dungeon.
You worshipped Okawaru.
Okawaru was greatly pleased with you.
You were very hungry.

You visited 2 branches of the dungeon, and saw 10 of its levels.
You also visited: Sewer.

You collected 459 gold pieces.

Inventory:

Hand weapons
 w - a +0,+2 sling
 y - a +1 elven blowgun
 E - a +0,+0 dwarven short sword (weapon)
 S - a +1,+1 hammer of protection
Missiles
 k - 29 sling bullets
 v - 60 stones (quivered)
 z - 27 poisoned needles
 T - 12 exploding sling bullets
Armour
 D - a +0 orcish shield (worn)
Magical devices
 c - a wand of enslavement (0)
 d - a wand of random effects (5)
 L - a wand of lightning (0)
 V - a wand of digging (19)
Comestibles
 f - 6 bread rations
 m - a choko
 I - an apple
 P - a pear
Scrolls
 a - a scroll of acquirement {unknown}
 b - a scroll of curse armour {unknown}
 e - a scroll of identify
 g - 5 scrolls of fog
 i - 3 scrolls of recharging
 j - 2 scrolls of remove curse
 l - a scroll of noise {unknown}
 n - 6 scrolls of amnesia
 o - 2 scrolls of enchant armour {unknown}
 p - a scroll of random uselessness {unknown}
 q - 2 scrolls of teleportation
 x - 2 scrolls of curse jewellery {unknown}
 C - 3 scrolls of fear {unknown}
 J - 2 scrolls of enchant weapon I {unknown}
 R - 2 scrolls of blinking {unknown}
 W - 2 scrolls of magic mapping {unknown}
Jewellery
 F - a cursed amulet of faith (around mantle)
 H - an uncursed amulet of clarity
 O - a +5 ring of dexterity (left tentacle)
Potions
 h - a potion of flight
 t - 2 potions of brilliance
 A - a potion of agility
 B - 3 potions of might
 G - 2 potions of speed
Books
 r - a book of Ice

   Spells                             Type                      Level
   *Freezing Aura                     Charms/Ice                   2
   Ensorcelled Hibernation            Hexes/Ice                    2
   Ozocubu's Refrigeration            Ice                          6
   Bolt of Cold                       Conjuration/Ice              6
   Freezing Cloud                     Conjuration/Ice/Air          6
   Metabolic Englaciation             Hexes/Ice                    6
   Simulacrum                         Ice/Necromancy               6
 s - a book of Control

   Spells                             Type                      Level
   Control Teleport                   Charms/Translocation         4
   Control Undead                     Necromancy                   4
   Enslavement                        Hexes                        4
   Mass Confusion                     Hexes                        6
   Metabolic Englaciation             Hexes/Ice                    6
 u - a book of Ice

   Spells                             Type                      Level
   *Freezing Aura                     Charms/Ice                   2
   Ensorcelled Hibernation            Hexes/Ice                    2
   Ozocubu's Refrigeration            Ice                          6
   Bolt of Cold                       Conjuration/Ice              6
   Freezing Cloud                     Conjuration/Ice/Air          6
   Metabolic Englaciation             Hexes/Ice                    6
   Simulacrum                         Ice/Necromancy               6
 U - a book of Transfigurations

   Spells                             Type                      Level
   Stoneskin                          Transmutation/Earth          2
   Polymorph                          Hexes/Transmutation          4
   Ice Form                           Ice/Transmutation            4
   Statue Form                        Transmutation/Earth          6
   Dragon Form                        Transmutation                7


   Skills:
 - Level 1.0(6.0) Fighting
 + Level 7.1(12.1) Short Blades
 - Level 2.0(7.0) Dodging
 * Level 13.7(18.7) Stealth
 - Level 2.1(7.1) Traps
 + Level 5.0 Spellcasting
 + Level 6.6 Ice Magic
 - Level 3.2 Evocations


You had 17 spell levels left.
You knew the following spells:

 Your Spells              Type           Power        Failure   Level  Hunger
a - Freezing Aura         Chrm/Ice       ###.......   17%         2    #......


Dungeon Overview and Level Annotations

Branches:
Dungeon (9/27)             Temple (1/1) D:4             Orc (0/4) D:6
   Lair (0/8) D:8

Altars:
Ashenzari
Cheibriados
Elyvilon
Fedhas
Kikubaaqudgha
Makhleb
Nemelex Xobeh
Okawaru
Sif Muna
Trog
Vehumet
Xom
Yredelemnul
Zin
the Shining One

Annotations
D:5 exclusion: ice beast


Innate Abilities, Weirdness & Mutations

You cannot wear most types of armour.
You are amphibious.
You can wear up to eight rings at the same time.
You can use your tentacles to constrict many enemies at once.
Your skin changes colour to match your surroundings (Stlth).
Your rubbery body absorbs attacks (AC +1).
Your natural rate of healing is unusually fast.


Message History

You see here 2 arrows.
Drink which item? (? for menu, Esc to quit)
You feel more agile all of a sudden.
The centaur shoots an arrow.
The arrow hits you!
* * * LOW HITPOINT WARNING * * *
You block the ice beast's attack.
Drink which item? (? for menu, Esc to quit)
Okay, then.
Read which item? (? for menu, Esc to quit)
Okay, then.
Casting: Freezing Aura
Confirm with . or Enter, or press ? or * to list all spells.
Okay, then.
Use which ability? (? or * to list)
You gain the combat prowess of a mighty hero.
You feel slightly more hungry.
The centaur shoots an arrow.
You block the arrow. The ice beast hits you.
* * * LOW HITPOINT WARNING * * *
The ice beast freezes you!
You die...

### ### ### ##.#
#.# #.### #[.##
##.## ##...# #...#
#...# #c(#(#
#.#.###.#.###.##I#
#.#..#..#..#I@##(#
#.##...###...###(#
#.##...#
#ยง..##.........#
#.###.##
##.###.........
#.###########
#.>.......# #
#.........#
..........#
####.........#
...........#
...'.).......#
...........#
####.........#
#..........


You could see an ice beast and a centaur.

Vanquished Creatures
  A troll (D:9)
  The ghost of Somebody the Covert, an average SpAs (D:4)
  The ghost of M4edhros the Sneak, an average OpAr (D:3)
  Eustachio (D:8)
  A hungry ghost (D:9)
  A hippogriff (D:9)
  2 orc warriors
  3 sky beasts
  An ice beast (D:5)
  2 black bears (D:7)
  6 ogres
  2 centaurs (D:9)
  Duvessa (D:7)
  2 big kobolds (Sewer)
  Blork the orc (D:7)
  9 giant frogs
  5 killer bees
  4 crimson imps
  An orc priest (D:6)
  Dowan (D:7)
  4 hounds
  6 orc wizards
  Crazy Yiuf (D:7)
  2 scorpions
  2 iguanas
  5 worker ants
  A jelly (D:9)
  A hound skeleton (D:5)
  Terence (D:3)
  A mummy (D:6)
  6 gnolls
  15 adders
  A white imp (D:8)
  3 giant mites
  An adder zombie (D:9)
  An adder skeleton (D:9)
  20 grey rats
  2 giant eyeballs (D:9)
  11 giant geckos
  2 oozes
  28 orcs
  3 giant cockroaches
  16 goblins
  12 hobgoblins
  3 quokkas
  6 ball pythons (Sewer)
  14 bats
  A giant gecko skeleton (D:4)
  7 giant newts
  3 giant spores
  21 kobolds
  A kobold zombie (D:7)
  An orc skeleton (D:8)
  20 rats
  A rat zombie (D:6)
  9 ballistomycetes
278 creatures vanquished.

Vanquished Creatures (collateral kills)
  2 orc priests
  A gnoll shaman (D:5)
  2 gnolls (D:5)
  2 grey rats (Sewer)
  2 orcs
  6 kobolds
  A rat (Sewer)
16 creatures vanquished.

Vanquished Creatures (others)
  An orc (D:5)
  3 goblins
  A hobgoblin (D:8)
  A kobold (D:7)
  A rat (D:7)
7 creatures vanquished.

Grand Total: 301 creatures vanquished

Notes
Turn   | Place    | Note
--------------------------------------------------------------
     0 | D:1      | M4edhros, the Octopode Artificer, began the quest for the Orb.
     0 | D:1      | Reached XP level 1. HP: 14/14 MP: 1/1
    43 | D:1      | Reached XP level 2. HP: 17/19 MP: 3/3
   555 | D:1      | Reached XP level 3. HP: 18/24 MP: 4/4
  1272 | D:2      | Reached skill level 4 in Stealth
  1446 | D:3      | Reached XP level 4. HP: 29/29 MP: 6/6
  1456 | D:3      | Noticed M4edhros' ghost (average OpAr)
  1487 | D:3      | Learned a level 2 spell: Freezing Aura
  1565 | D:3      | Noticed Terence
  1586 | D:4      | Reached skill level 5 in Stealth
  1717 | D:3      | Reached skill level 1 in Ice Magic
  1730 | D:3      | Killed M4edhros' ghost
  1730 | D:3      | Reached skill level 6 in Stealth
  1730 | D:3      | Reached XP level 5. HP: 18/34 MP: 7/7
  1730 | D:3      | Reached XP level 6. HP: 20/39 MP: 9/9
  1810 | D:3      | Found a glowing drain.
  1876 | Sewer    | Entered a sewer
  2379 | Sewer    | Reached skill level 7 in Stealth
  2638 | Sewer    | Reached XP level 7. HP: 23/44 MP: 10/10
  3104 | D:3      | Killed Terence
  3410 | D:4      | Found a white marble altar of Elyvilon.
  3413 | D:4      | Noticed an ogre
  3420 | D:4      | Killed an ogre
  3420 | D:4      | Reached skill level 8 in Stealth
  3489 | D:4      | Found a staircase to the Ecumenical Temple.
  3489 | D:4      | Noticed Somebody's ghost (average SpAs)
  3512 | D:4      | Killed Somebody's ghost
  3520 | Temple   | Entered the Ecumenical Temple
  3801 | D:4      | Found a basalt altar of Yredelemnul.
  3801 | D:4      | Found an iron altar of Okawaru.
  3802 | D:4      | Found an ancient bone altar of Kikubaaqudgha.
  3854 | D:4      | Became a worshipper of Warmaster Okawaru
  3968 | D:4      | Reached skill level 9 in Stealth
  4103 | D:4      | Reached XP level 8. HP: 45/50 MP: 12/12
  4319 | D:5      | Entered Level 5 of the Dungeon
  5249 | D:5      | Was placed under penance by Okawaru
  5289 | D:5      | Reached skill level 1 in Spellcasting
  5356 | D:5      | Found a glowing golden altar of the Shining One.
  5607 | D:5      | Reached skill level 10 in Stealth
  5847 | D:5      | Was forgiven by Okawaru
  5847 | D:5      | Reached skill level 5 in Short Blades
  6465 | D:6      | Found a staircase to the Orcish Mines.
  7079 | D:6      | Reached skill level 11 in Stealth
  7079 | D:6      | Reached XP level 9. HP: 54/54 MP: 12/14
  7083 | D:6      | Acquired Okawaru's first power
  7083 | D:6      | Reached skill level 5 in Ice Magic
  7211 | D:6      | Found a shimmering altar of Xom.
  7211 | D:6      | Found a shimmering altar of Xom.
  7266 | D:6      | Found a shimmering altar of Xom.
  7277 | D:6      | Found a shimmering altar of Xom.
  7831 | D:7      | Noticed Blork the orc
  7849 | D:7      | Killed Blork the orc
  7977 | D:7      | Got a warped short sword
  7978 | D:7      | Identified the cursed -4,-5 short sword of the Original Sin {flame, Int+2} (You found it on level 7 of the Dungeon)
  8333 | D:7      | Reached skill level 12 in Stealth
  8398 | D:7      | Found a blossoming altar of Fedhas.
  8502 | D:7      | Noticed Duvessa
  8502 | D:7      | Noticed Dowan
  8507 | D:7      | Killed Duvessa
  8517 | D:7      | Killed Dowan
  8659 | D:7      | Noticed Crazy Yiuf
  8663 | D:7      | Killed Crazy Yiuf
  9535 | D:8      | Paralysed by a potion of paralysis for 5 turns
  9540 | D:8      | Gained mutation: Your natural rate of healing is unusually fast. [potion of beneficial mutation]
  9611 | D:8      | Noticed Eustachio
  9982 | D:8      | Killed Eustachio
 10025 | D:8      | Found a staircase to the Lair.
 10043 | D:8      | Reached XP level 10. HP: 32/60 MP: 19/19
 10201 | D:8      | Reached skill level 13 in Stealth
 11660 | D:9      | Reached skill level 5 in Spellcasting
 11758 | D:9      | Paralysed by a giant eyeball for 4 turns
 11796 | D:9      | Mangled by an ice beast

Action                   |  1- 3 |  4- 6 |  7- 9 | 10-12 || total
-------------------------+-------+-------+-------+-------++-------
Melee: Short sword       |    81 |   126 |   451 |   109 ||   767
       Hammer            |       |       |     7 |       ||     7
 Fire: Blowgun           |       |       |    23 |     9 ||    32
       Sling             |       |       |     7 |    14 ||    21
 Cast: Freezing Aura     |       |       |     5 |     5 ||    10
Invok: Heroism           |       |       |       |     1 ||     1
Evoke: Wand              |       |    16 |    28 |     4 ||    48
  Use: Potion            |       |     7 |    17 |     1 ||    25
       Scroll            |       |       |     7 |     6 ||    13
 Stab: Sleeping          |     9 |     7 |    41 |    13 ||    70
       Paralysed         |       |       |     2 |       ||     2
       Distracted        |       |       |     1 |     2 ||     3
